 Dungeon Crawl Stone Soup version 0.31.0-4-g52a2dc7128 (webtiles) character file.

Game seed: 13355822620683993788

315 howech the Trooper (level 6, -2/84 HPs)
             Began as a Minotaur Berserker on Jan 22, 2024.
             Was a Believer of Trog.
             Splashed by a jelly's acid (5 damage)
             ... on level 5 of the Dungeon.
             The game lasted 00:07:26 (2771 turns).

howech the Trooper (Minotaur Berserker)             Turns: 2771, Time: 00:07:26

Health: -2/84      AC: -11   Str: 22    XL:     6   Next: 19%
Magic:  5/5        EV: 11    Int:  6    God:    Trog [**....]
Gold:   207        SH:  0    Dex:  9    Spells: 5/5 levels left

rFire   . . .        a - +1 hand axe
rCold   . . .        (no shield)
rNeg    . . .        g - +0 scale mail
rPois   .            (helmet restricted)
rElec   .            (no cloak)
rCorr   .            c - +0 pair of gloves
SInv    .            (no boots)
Will    .....        (no amulet) Stlth
                     (no ring)
HPRegen 0.34/turn    (no ring)
MPRegen 0.09/turn

%: no passive effects
@: berserking, corroded, very quick
A: horns 2, retaliatory headbutt
a: Renounce Religion, Berserk, Trog's Hand


You were on level 5 of the Dungeon.
You worshipped Trog.
Trog was pleased with you.
You visited 1 branch of the dungeon, and saw 5 of its levels.

You collected 207 gold pieces.

Inventory:

Hand Weapons
 a - a +1 hand axe (weapon)
Missiles
 n - 2 poisoned darts (quivered)
Armour
 c - a +0 pair of gloves (worn)
 g - a +0 scale mail (worn)
 m - +0 acid dragon scales
 q - a +1 scale mail of cold resistance
Jewellery
 j - a ring of flight
Talismans
 d - a serpent talisman
Wands
 i - a wand of polymorph (13)
Scrolls
 e - a scroll of enchant weapon
 h - a scroll of vulnerability
 k - a scroll of brand weapon
 l - a scroll of enchant armour {unknown}
 o - a scroll of immolation {unknown}
 p - a scroll of summoning {unknown}
 r - a scroll of fog {unknown}
Potions
 b - a potion of cancellation
 f - 2 potions of mutation
 s - a potion of heal wounds {unknown}


   Skills:
 + Level 5.2 Fighting
 + Level 5.2 Axes
 + Level 4.3 Armour
 + Level 4.0 Dodging


You had 5 spell levels left.
You didn't know any spells.
Your spell library was empty.

Dungeon Overview and Level Annotations

Branches:
Dungeon (5/15)
 Temple: D:4-7

Altars:
Cheibriados


Innate Abilities, Weirdness & Mutations

You have a pair of horns on your head.
You reflexively headbutt those who attack you in melee.


Message History

The jelly hits you but does no damage.
You hit the jelly. The acid corrodes you!
Your hands burn!
The jelly is moderately wounded.
The jelly hits you but does no damage.
You slash the jelly!
Your hands burn!
You headbutt the jelly, but do no damage.
The jelly is severely wounded.
The jelly hits you.
You are splashed with acid!
You hit the jelly. The acid corrodes you!
Your hands burn!
The jelly is severely wounded.
The jelly barely misses you.
Unknown command.
You hit the jelly but do no damage.
Your hands burn!
The jelly is severely wounded.
The jelly hits you. The acid corrodes you!
You are splashed with acid.
You hit the jelly but do no damage. The acid corrodes you!
Your hands burn!
The jelly is severely wounded.
The jelly hits you. The acid corrodes you!
You are splashed with acid!
You hit the jelly but do no damage.
Your hands burn!
* * * LOW HITPOINT WARNING * * *
The jelly is severely wounded.
The jelly closely misses you.
Unknown command.
The jelly attacks as it pursues you! The jelly hits you.
* * * LOW HITPOINT WARNING * * *
You are splashed with acid.
* * * LOW HITPOINT WARNING * * *
A red film seems to cover your vision as you go berserk!
You feel yourself moving faster!
You feel mighty! The jelly closely misses you. You furiously retaliate!
You headbutt the jelly, but do no damage.
You hit the jelly but do no damage.
Your hands burn!
* * * LOW HITPOINT WARNING * * *
The jelly is severely wounded.
The jelly hits you.
* * * LOW HITPOINT WARNING * * *
You are splashed with acid!
* * * LOW HITPOINT WARNING * * *
You hit the jelly. The acid corrodes you!
Your hands burn!
You die...

#.##.# #............
...#.######.#####......
#...<....# #......
########.# #.#..## #.#
#<#..## #.# #.#.... #
#.# ##.##.##
#..########.####...#.#
#....J@..............#
#............###...####
############## ##......
#######


You could see a jelly.

Vanquished Creatures
  An ogre (D:5)
  A scorpion (D:5)
  A hound (D:4)
  A jelly (D:5)
  Terence (D:3)
  2 adders
  3 ribbon worms
  2 dart slugs
  6 orcs
  6 ball pythons
  4 endoplasms
  2 giant cockroaches
  5 goblins
  6 hobgoblins
  2 jackals (D:3)
  3 quokkas
  4 bats
  4 frilled lizards
  4 kobolds
  A rat (D:1)
59 creatures vanquished.

Notes
Turn   | Place    | Note
-------+----------+-------------------------------------------
     0 | D:1      | howech the Minotaur Berserker began the quest for the Orb.
     0 | D:1      | Reached XP level 1. HP: 19/19 MP: 0/0
   336 | D:1      | Reached XP level 2. HP: 27/27 MP: 1/1
   770 | D:2      | Reached XP level 3. HP: 25/33 MP: 2/2
  1491 | D:3      | Reached ** piety under Trog
  1542 | D:3      | Found a faded altar of an unknown god.
  1724 | D:3      | Reached XP level 4. HP: 40/40 MP: 3/3
  1737 | D:3      | Noticed Terence
  1751 | D:3      | Killed Terence
  1900 | D:3      | Identified the +6 rapier of Faapiv {freeze, rPois Dex+3}
  2036 | D:4      | Found a snail-covered altar of Cheibriados.
  2118 | D:4      | Reached XP level 5. HP: 42/47 MP: 4/4
  2439 | D:5      | Entered Level 5 of the Dungeon
  2521 | D:5      | Noticed an ogre
  2526 | D:5      | Killed an ogre
  2527 | D:5      | Reached skill level 5 in Fighting
  2527 | D:5      | Reached skill level 5 in Axes
  2642 | D:5      | Reached XP level 6. HP: 49/56 MP: 5/5
  2770 | D:5      | HP: 3/84 [acid (7)]
  2771 | D:5      | Splashed by a jelly's acid

Illustrated notes

Levels and vault maps discovered:
D:1:      zelgadis_glass_arrival_small, layout_basic
D:2:      layout_loops_ring
D:3:      layout_basic, shapermc_ecumenical_altar_notcrosses, uniq_terence
D:4:      layout_rooms, slow_altar_1
D:5:      nicolae_cairo_tiling_large, layout_loops_ring, serial_shops,
          nicolae_shop_tiny_real_fake_doors

Skill      XL: |  1  2  3  4  5 |
---------------+----------------+-----
Axes           | 4 5 |  5.2
Fighting       | 4 5 |  5.2
Armour         | 3 4 |  4.3
Dodging        | 3 4 |  4.0

Action                     |  1- 3 |  4- 6 || total
---------------------------+-------+-------++-------
  Melee: Hand axe          |    83 |    65 ||   148
         Headbutt          |    10 |    12 ||    22
         Punch             |     1 |       ||     1
 Invoke: Berserk           |     2 |     3 ||     5
         Trog's Hand       |       |     2 ||     2
    Use: Scroll            |     3 |     3 ||     6
         Potion            |     1 |     3 ||     4
   Stab: Invisible         |       |     1 ||     1
 Armour: Scale mail        |    54 |    35 ||    89
  Dodge: Dodged            |    39 |    30 ||    69
